 Dungeon Crawl Stone Soup version 0.23.2-33-g5129a83184 (console) character file.

Game seed: 3135935577567122885

14831 FlyingSalmon the Spear-Bearer (level 12, -1/94 HPs)
             Began as a Merfolk Gladiator on July 29, 2019.
             Was a Priest of Zin.
             Killed from afar by an orc sorcerer (30 damage)
             ... with a bolt of fire
             ... on level 10 of the Dungeon.
             The game lasted 01:05:49 (20051 turns).

FlyingSalmon the Spear-Bearer (Merfolk Gladiator)  Turns: 20051, Time: 01:05:49

Health: -1/94      AC: 14    Str: 21    XL:     12   Next: 20%
Magic:  17/19      EV: 12    Int: 12    God:    Zin [***...]
Gold:   590        SH:  0    Dex: 18    Spells: 11/11 levels left

rFire    . . .     SeeInvis .   H - +1 trident (venom)
rCold    + . .     Gourm    .   (no shield)
rNeg     . . .     Faith    .   C - +0 chain mail
rPois    ∞         Spirit   .   c - +0 helmet
rElec    .         Reflect  .   E - +2 cloak {rPois}
rCorr    .         Harm     .   (no gloves)
MR       .....                  o - +0 pair of boots
Stlth    ..........             B - amulet of rage
HPRegen  0.25/turn              P - ring of protection from cold
MPRegen  0.16/turn              (no ring)

@: vitalised, heavily drained
A: change form in water, swift swim, stealthy swim
a: Recite, Vitalisation, Imprison, Donate Gold, Renounce Religion, Evoke Berserk
Rage


You were on level 10 of the Dungeon.
You worshipped Zin.
Zin was most pleased with you.
You were not hungry.

You visited 3 branches of the dungeon, and saw 13 of its levels.

You collected 655 gold pieces.
You donated 65 gold pieces to Zin.

Inventory:

Hand Weapons
 H - a +1 trident of venom (weapon)
Missiles
 e - 259 arrows
 j - 240 stones (quivered)
 p - a throwing net
Armour
 b - a +0 leather armour
 c - a +0 helmet (worn)
 i - a +0 scale mail
 o - a +0 pair of boots (worn)
 q - a +0 plate armour
 y - a +0 ring mail
 C - a +0 chain mail (worn)
 E - a +2 cloak of poison resistance (worn)
 M - +0 steam dragon scales
Jewellery
 l - an uncursed amulet of guardian spirit
 B - an amulet of rage (around neck)
 P - a ring of protection from cold (left hand)
Wands
 u - a wand of flame (28)
 G - a wand of digging (3)
Scrolls
 d - a scroll of noise {unknown}
 r - 4 scrolls of teleportation
 t - 2 scrolls of immolation
 w - 2 scrolls of fear {unknown}
 x - 3 scrolls of enchant armour
 A - 3 scrolls of blinking
 D - 7 scrolls of remove curse
 I - a scroll of fog {unknown}
 J - 2 scrolls of summoning {unknown}
 K - a scroll of amnesia {unknown}
 N - a scroll of enchant weapon
Potions
 g - 4 potions of lignification
 h - 2 potions of mutation
 k - 5 potions of curing
 m - 2 potions of degeneration
 n - a potion of brilliance
 s - a potion of ambrosia
 v - 3 potions of cancellation
 F - a potion of agility
Comestibles
 f - 14 rations


   Skills:
 + Level 8.4(7.1) Fighting
 + Level 14.8(13.2) Polearms
 + Level 6.8(5.5) Throwing
 + Level 5.2(4.0) Armour
 + Level 8.1(6.8) Dodging
 + Level 10.6(9.2) Invocations
 + Level 1.1(0.1) Evocations


You had 11 spell levels left.
You didn't know any spells.
Your spell library was empty.

Dungeon Overview and Level Annotations

Branches:
Dungeon (11/15)            Temple (1/1) D:4            Lair (0/6) D:11
    Orc (1/2) D:10

Altars:
Ashenzari
Cheibriados
Dithmenos
Elyvilon
Fedhas
Gozag
Hepliaklqana
Kikubaaqudgha
Makhleb
Nemelex Xobeh
Okawaru
Qazlal
Ru
Sif Muna
Trog
Uskayaw
Vehumet
Wu Jian
Xom
Yredelemnul
Zin
The Shining One

Annotations:
D:3 2 runed translucent doors, Destapler's ghost, amateur DsNe
D:5 Dowan; Duvessa
D:8 Harold


Message History

The red devil misses you.
The orc high priest calls upon Beogh to heal the orc sorcerer.
The orc sorcerer is healed somewhat.
You climb upwards.
Welcome back to the Dungeon!
The red devil disappears in a puff of smoke!
There is a staircase to the Orcish Mines, spattered with blood here.
Zin grants you divine stamina.
The orc sorcerer points at you and mumbles some strange words.
The bolt of negative energy hits you!!
You feel drained.
* * * LOW HITPOINT WARNING * * *
The orc high priest hits you with a +0 hand axe.
* * * LOW HITPOINT WARNING * * *
You feel much better.
The orc sorcerer gestures wildly while chanting.
The orc high priest barely misses you.
The orc sorcerer gestures at you while chanting.
The bolt of fire hits you! The orc sorcerer casts a spell at you.
The bolt of fire hits you!!
You die...

#.......#.###...........###.....
#.......')# ########'#### #.....
#.......### #...# #.....
######'## ##.### #..... #......#
##..# ####)# #.###### #..## #..
##'####### ###.###### #####
#........# ####........# #....
#........###..[.@.o....# ####....
#........+...##...4....###..+....
#........######...o.[..#...##....
#........# #.....>)...####....
#........# #.......)### #....
######'### #######.## #.... #...#
#.## ##### #.### #..# #
###'####### ##.# #


You could see an orc high priest, a chaos spawn and an orc sorcerer.

Vanquished Creatures
  A hydra (D:11)
  3 two-headed ogres
  Sonja (D:10)
  Pikel (D:9)
  2 orc sorcerers
  A manticore (D:11)
  Joseph (D:8)
  Psyche (D:8)
  2 trolls
  Grinder (D:5)
  Prince Ribbit (D:5)
  2 hippogriffs
  A spriggan (D:6)
  Sigmund (D:5)
  3 yaks (D:10)
  A steam dragon (D:8)
  A wraith (D:11)
  Grum (D:8)
  3 wargs
  3 orc warriors
  3 ice beasts
  5 sky beasts
  3 black bears
  3 phantoms (D:6)
  8 ogres
  7 centaurs
  3 wolves (D:8)
  7 bullfrogs
  A big kobold (D:9)
  A wyvern skeleton (D:6)
  2 scorpions
  3 killer bees (D:10)
  5 wights
  7 howler monkeys
  7 crimson imps
  A bullfrog zombie (D:6)
  6 jellies
  3 bullfrog skeletons
  2 centaur zombies
  4 hounds
  11 orc priests
  Crazy Yiuf (D:7)
  19 orc wizards
  2 iguanas
  Natasha (thrice) (D:2)
  12 worker ants
  2 hound zombies
  3 hound skeletons
  16 adders
  5 gnolls
  3 shadow imps
  An ooze (D:1)
  4 worms
  6 leopard geckos
  45 orcs
  A ball python (D:3)
  5 bats
  9 giant cockroaches
  8 goblins
  4 hobgoblins
  12 jackals
  16 kobolds
  7 quokkas
  5 frilled lizards
  2 leopard gecko skeletons
  12 rats
  A spectral orc (D:3)
327 creatures vanquished.

Vanquished Creatures (others)
  A slave (D:9)
  A bullfrog (D:9)
  An orc wizard (D:9)
  An orc (D:10)
4 creatures vanquished.

Grand Total: 331 creatures vanquished

Notes
Turn   | Place    | Note
-------+----------+-------------------------------------------
     0 | D:1      | FlyingSalmon the Merfolk Gladiator began the quest for the
                  | Orb.
     0 | D:1      | Reached XP level 1. HP: 16/16 MP: 1/1
   138 | D:1      | Reached skill level 5 in Polearms
   138 | D:1      | Reached XP level 2. HP: 22/22 MP: 2/2
   405 | D:1      | Reached XP level 3. HP: 28/28 MP: 3/3
   718 | D:2      | Found a burning altar of Makhleb.
   726 | D:2      | Reached skill level 6 in Polearms
   726 | D:2      | Reached XP level 4. HP: 32/34 MP: 4/4
   933 | D:2      | Noticed a bullfrog
   945 | D:2      | Killed a bullfrog
   945 | D:2      | Reached skill level 5 in Dodging
   945 | D:2      | Reached XP level 5. HP: 23/39 MP: 5/5
  1368 | D:2      | Noticed Natasha
  1376 | D:2      | Killed Natasha
  1376 | D:2      | Reached skill level 7 in Polearms
  1636 | D:2      | Noticed Natasha
  1649 | D:2      | Killed Natasha
  1657 | D:2      | Noticed Natasha
  1666 | D:2      | Killed Natasha
  1666 | D:2      | Reached skill level 1 in Armour
  1666 | D:2      | Reached XP level 6. HP: 22/47 MP: 6/6
  2176 | D:3      | Found a bloodstained altar of Trog.
  2223 | D:3      | Found an opulent altar of Gozag.
  2540 | D:3      | Found a basalt altar of Yredelemnul.
  3002 | D:3      | Found a large runed translucent door.
  3002 | D:3      | Found a large runed translucent door.
  3004 | D:3      | Noticed Destapler's ghost (amateur DsNe)
  3123 | D:2      | Found an ornate altar of the Wu Jian Council.
  3492 | D:4      | Found an ancient bone altar of Kikubaaqudgha.
  3612 | D:4      | Found a staircase to the Ecumenical Temple.
  3619 | Temple   | Entered the Ecumenical Temple
  3765 | Temple   | Became a worshipper of Zin the Law-Giver
  3765 | Temple   | Reached * piety under Zin
  3833 | D:4      | Reached skill level 8 in Polearms
  4178 | D:4      | Reached XP level 7. HP: 23/52 MP: 7/7
  4643 | D:5      | Entered Level 5 of the Dungeon
  4974 | D:5      | Noticed Prince Ribbit
  5114 | D:5      | Killed Prince Ribbit
  5114 | D:5      | Reached skill level 9 in Polearms
  5114 | D:5      | Reached XP level 8. HP: 30/60 MP: 8/8
  5642 | D:5      | Reached skill level 1 in Invocations
  5692 | D:5      | Noticed Sigmund
  5936 | D:5      | Noticed Dowan
  5939 | D:5      | Noticed Duvessa
  6698 | D:5      | Noticed Grinder
  6709 | D:5      | Killed Grinder
  6709 | D:5      | Reached skill level 10 in Polearms
  6821 | D:6      | Reached ** piety under Zin
  7091 | D:5      | Killed Sigmund
  7369 | D:6      | Reached XP level 9. HP: 66/66 MP: 11/11
  7664 | D:6      | Reached skill level 11 in Polearms
  8905 | D:6      | Noticed a two-headed ogre
  9068 | D:6      | Reached skill level 5 in Fighting
  9206 | D:6      | Killed a two-headed ogre
  9206 | D:6      | Reached skill level 12 in Polearms
  9206 | D:6      | Reached skill level 5 in Throwing
  9206 | D:6      | Reached skill level 5 in Invocations
  9720 | D:6      | Reached XP level 10. HP: 32/76 MP: 13/13
 12148 | D:7      | Found a runed translucent door.
 12149 | D:7      | Noticed Crazy Yiuf
 12444 | D:7      | Killed Crazy Yiuf
 12607 | D:7      | Reached skill level 13 in Polearms
 12913 | D:8      | Noticed Grum
 13443 | D:8      | Noticed Psyche
 13461 | D:8      | Killed Psyche
 13552 | D:8      | Noticed a two-headed ogre
 13560 | D:8      | Noticed Joseph
 13600 | D:7      | Killed a two-headed ogre
 13886 | D:8      | Killed Joseph
 13886 | D:8      | Reached skill level 5 in Armour
 13886 | D:8      | Reached XP level 11. HP: 48/83 MP: 16/16
 14108 | D:8      | Noticed Harold
 14242 | D:8      | Found a bloodstained altar of Trog.
 14393 | D:8      | Killed Grum
 14438 | D:8      | Zin protects you from harm!
 14999 | D:9      | Reached skill level 14 in Polearms
 15148 | D:9      | Found a radiant altar of Vehumet.
 16174 | D:9      | Noticed Pikel
 16195 | D:9      | Killed Pikel
 16573 | D:10     | Entered Level 10 of the Dungeon
 16826 | D:10     | Noticed Sonja
 16872 | D:10     | Killed Sonja
 17216 | D:10     | Reached *** piety under Zin
 17444 | D:10     | Found a staircase to the Orcish Mines.
 17624 | D:10     | Noticed a two-headed ogre
 17656 | D:10     | Killed a two-headed ogre
 18328 | D:11     | Noticed a four-headed hydra
 18486 | D:11     | Killed a four-headed hydra
 19034 | D:11     | Reached skill level 1 in Evocations
 19121 | D:11     | Reached skill level 10 in Invocations
 19136 | D:11     | Reached XP level 12. HP: 53/92 MP: 19/19
 19353 | D:11     | Found a staircase to the Lair.
 19611 | Orc:1    | Entered Level 1 of the Orcish Mines
 19890 | Orc:1    | Paralysed by an orc sorcerer for 6 turns
 20016 | Orc:1    | Noticed an orc high priest
 20040 | Orc:1    | Paralysed by an orc sorcerer for 3 turns
 20051 | D:10     | Killed from afar by an orc sorcerer

Skill      XL: |  1  2  3  4  5  6  7  8  9 10 11 12 |
---------------+-------------------------------------+-----
Polearms       | 5 6 7 8 9 10 12 13 14 | 14.8
Dodging        | 5 6 7 8 |  8.1
Fighting       | 3 4 5 6 8 |  8.4
Armour         | 1 2 3 4 5 |  5.2
Throwing       | 3 4 5 6 |  6.8
Invocations    | 3 5 7 10 | 10.6
Evocations     | 1 |  1.1

Action                   |  1- 3 |  4- 6 |  7- 9 | 10-12 || total
-------------------------+-------+-------+-------+-------++-------
Melee: Trident           |    68 |   224 |   410 |   956 ||  1658
Throw: Throwing net      |     1 |       |     4 |     1 ||     6
       Stone             |    13 |    84 |   139 |   137 ||   373
       Tomahawk          |       |       |       |    44 ||    44
Invok: Recite            |       |       |    11 |    41 ||    52
       Vitalisation      |       |       |     1 |     9 ||    10
 Abil: Evoke Berserk Rag |       |       |       |     3 ||     3
  Use: Scroll            |     2 |     2 |     2 |     9 ||    15
       Potion            |       |       |       |     7 ||     7
 Stab: Held in net/web   |       |       |     3 |       ||     3
       Confused          |       |       |       |     4 ||     4
  Eat: Chunk             |       |    10 |    10 |    13 ||    33
       Ration            |       |       |     2 |     7 ||     9
Armor: Leather armour    |     5 |     9 |       |       ||    14
       Scale mail        |       |     4 |    58 |     1 ||    63
       Ring mail         |       |    39 |    14 |       ||    53
       Chain mail        |       |       |       |   199 ||   199
       Steam dragon scal |       |       |       |    79 ||    79
Dodge: Dodged            |    31 |   105 |   152 |   374 ||   662
